 Dungeon Crawl Stone Soup version 0.27.1-1-g398f81649c (webtiles) character file.

Game seed: 15517249271408851772

1439 nxtlvl the Cleaver (level 8, -9/63 HPs)
             Began as a Grey Draconian Berserker on Sept 8, 2021.
             Was a Priest of Trog.
             Mangled by a two-headed ogre (13 damage)
             ... on level 9 of the Dungeon.
             The game lasted 00:13:37 (1453 turns).

nxtlvl the Cleaver (Grey Draconian Berserker)       Turns: 1453, Time: 00:13:38

Health: -9/63      AC: 12    Str: 19      XL:     8   Next: 45%
Magic:  8/8        EV: 12    Int:  6 (9)  God:    Trog [***...]
Gold:   120        SH:  0    Dex: 12      Spells: 7/7 levels left

rFire    . . .     SeeInvis .   a - +0 hand axe
rCold    . . .     Faith    .   (no shield)
rNeg     . . .     Spirit   .   (armour unavailable)
rPois    .         Reflect  .   (helmet restricted)
rElec    .         Harm     .   (no cloak)
rCorr    .         Rampage  .   c - +0 pair of gloves
Will     .....                  (no boots)
Stlth    +.........             (no amulet)
HPRegen  0.20/turn              (no ring)
MPRegen  0.11/turn              (no ring)

@: on berserk cooldown
A: AC +11, amphibious, unfitting armour, cold-blooded
a: Renounce Religion, Berserk, Trog's Hand


You were on level 9 of the Dungeon.
You worshipped Trog.
Trog was most pleased with you.
You visited 1 branch of the dungeon, and saw 9 of its levels.
You also visited: Sewer.

You collected 120 gold pieces.

Inventory:

Hand Weapons
 a - a +0 hand axe (weapon)
 b - a +0 whip of venom
Missiles
 d - 46 arrows
 f - 33 poisoned darts (quivered)
 i - 3 boomerangs of dispersal
 j - 12 bolts
 m - 25 sling bullets
Armour
 c - a +0 pair of gloves (worn)
 h - a +0 kite shield
Jewellery
 o - a +6 ring of intelligence
Wands
 k - a wand of iceblast (8)
Scrolls
 e - a scroll of enchant weapon {unknown}
 p - a scroll of brand weapon {unknown}
Potions
 g - a potion of might
 l - a potion of invisibility
 n - a potion of heal wounds


   Skills:
 - Level 3.2 Fighting
 * Level 10.8 Axes
 - Level 2.6 Dodging


You had 7 spell levels left.
You didn't know any spells.
Your spell library contained the following spells:

 Spells                   Type           Power      Damage    Failure   Level
 Corpse Rot               Necr/Air       N/A        N/A       58%         2
 Poisonous Vapours        Pois/Air       0%         N/A       58%         2
 Freezing Cloud           Conj/Ice/Air   0%         6-21      100%        5


Dungeon Overview and Level Annotations

Branches:
Dungeon (9/15)             Temple (0/1) D:7           Sewer (visited)
   Lair: D:8-11         Orc: D:9-12

Altars:
Okawaru

Shops:
D:4 *   D:8 [

Annotations:
D:9 Prince Ribbit


Innate Abilities, Weirdness & Mutations

Your dull iron-grey scales are very hard. (AC +11)
You are amphibious.
You cannot fit into any form of body armour.
You are cold-blooded and may be slowed by cold attacks.


Message History

The yak barely misses you.
You slash the yak!
The yak is severely wounded.
The yak barely misses you.
You hit the yak but do no damage.
The yak is severely wounded.
The yak gores you.
* * * LOW HITPOINT WARNING * * *
You hit the yak. You tail-slap the yak.
The yak is almost dead.
The yak barely misses you. The yak gores you.
* * * LOW HITPOINT WARNING * * *
You hit the yak.
You tail-slap the yak, but do no damage.
The yak is almost dead.
The yak gores you but does no damage.
You hit the yak.
You kill the yak!
Trog accepts your kill.
You feel your strength returning.
You see here a +0 kite shield.
h - a +0 kite shield
p - a scroll labelled ISUUGA DUTOE You now have 120 gold pieces (gained 14).
You feel yourself speed up.
You open the door.
A two-headed ogre and Prince Ribbit come into view.
There is an open door here.
Throw: dart (curare)
Press: ? - help, Q - select action, (/) - cycle Shift-Dir - straight line, f - two-headed ogre
Aim: a two-headed ogre, wielding a +0 giant spiked club and a +0 dire flail (73% to hit)
You throw a curare-tipped dart.
The curare-tipped dart hits the two-headed ogre.
The two-headed ogre is poisoned.
The two-headed ogre convulses.
The two-headed ogre seems to slow down.
The two-headed ogre is lightly wounded.
The two-headed ogre hits you with a +0 giant spiked club!
* * * LOW HITPOINT WARNING * * *
The two-headed ogre hits you with a +0 dire flail!
You die...

##.....##
#.......#
#.......#
#.......#
#(......#
##.....##
#......######
#...........##
##...@.......#
#####O##....+
#.....# ....#
#.....# ..##
#.....# ###
#......
#......
.......
.F.#...##


You could see a two-headed ogre (very poisoned, slow).

Vanquished Creatures
  4 yaks (D:9)
  A steam dragon (D:8)
  A water moccasin (D:8)
  A sky beast (D:8)
  A bullfrog (Sewer)
  2 kobold brigands (D:8)
  5 killer bees (D:8)
  A centaur zombie (D:8)
  A jelly (D:6)
  3 adders
  2 orcs (D:8)
  6 ball pythons
  A bat (D:2)
  4 giant cockroaches (Sewer)
  4 hobgoblins
  4 jackals (D:2)
  4 quokkas
  6 frilled lizards (Sewer)
  9 kobolds (D:8)
60 creatures vanquished.

Notes
Turn   | Place    | Note
-------+----------+-------------------------------------------
     0 | D:1      | nxtlvl the Draconian Berserker began the quest for the Orb.
     0 | D:1      | Reached XP level 1. HP: 19/19 MP: 1/1
   102 | D:2      | Reached XP level 2. HP: 26/26 MP: 2/2
   143 | D:4      | Found an iron altar of Okawaru.
   245 | D:4      | Found Riha Tia's General Store.
   260 | D:5      | Entered Level 5 of the Dungeon
   299 | D:6      | Found a glowing drain.
   307 | D:6      | Reached skill level 4 in Axes
   307 | D:6      | Reached XP level 3. HP: 25/31 MP: 3/3
   362 | Sewer    | Entered a sewer
   421 | Sewer    | Reached ** piety under Trog
   490 | Sewer    | Reached XP level 4. HP: 26/38 MP: 4/4
   545 | Sewer    | Reached skill level 5 in Axes
   633 | Sewer    | Noticed a bullfrog
   637 | Sewer    | Killed a bullfrog
   638 | Sewer    | Reached XP level 5. HP: 45/45 MP: 5/5
   783 | D:7      | Found a staircase to the Ecumenical Temple.
   821 | D:8      | Noticed a water moccasin
   830 | D:8      | Killed a water moccasin
   831 | D:8      | Reached skill level 6 in Axes
   831 | D:8      | Reached XP level 6. HP: 51/51 MP: 6/6
   897 | D:8      | Noticed a steam dragon
   907 | D:8      | Killed a steam dragon
   908 | D:8      | Reached skill level 7 in Axes
   910 | D:8      | Found Ycraf's Antique Armour Boutique.
  1027 | D:8      | Reached skill level 8 in Axes
  1082 | D:8      | Your scales start taking on a dull iron-grey colour.
  1082 | D:8      | Reached XP level 7. HP: 33/57 MP: 7/7
  1331 | D:8      | Reached skill level 9 in Axes
  1350 | D:8      | Reached *** piety under Trog
  1391 | D:9      | Noticed a yak
  1405 | D:9      | Noticed a yak
  1406 | D:9      | Noticed a yak
  1408 | D:9      | Noticed a yak
  1410 | D:9      | Killed a yak
  1411 | D:9      | Reached XP level 8. HP: 36/63 MP: 8/8
  1418 | D:9      | Reached skill level 10 in Axes
  1451 | D:9      | Noticed Prince Ribbit
  1451 | D:9      | Noticed a two-headed ogre
  1453 | D:9      | Mangled by a two-headed ogre

Illustrated notes

Levels and vault maps discovered:
D:1:      psy_arrival_radial02, layout_basic, chequers_ecumenical_altar_lobes
D:2:      layout_loops_cross, basic_altar, roderic_malta_cross,
          minmay_misc_feat_chi
D:3:      layout_rooms, mainiacjoe_overflow_divided_tiny, uniq_jessica,
          uniq_grinder, uniq_terence
D:4:      layout_basic, mainiacjoe_overflow_small_starburst,
          minmay_misc_feat_doors, nicolae_stop_n_shop_1
D:5:      layout_basic
D:6:      layout_loops_ring, portal_sewer_entry_a, uniq_duvessa
D:7:      layout_basic, minmay_temple_entry_antechambers
D:8:      layout_loops_corners, serial_shops, nicolae_shop_crystal,
          chequers_mini_garden
D:9:      layout_gridville, mainiacjoe_overflow_24_doors, uniq_prince_ribbit1,
          uniq_harold, uniq_pikel

Skill      XL: |  1  2  3  4  5  6  7  8 |
---------------+-------------------------+-----
Axes           | 4 5 6 8 9 10 | 10.8
Fighting       | |  3.2
Dodging        | |  2.6

Action                   |  1- 3 |  4- 6 |  7- 9 || total
-------------------------+-------+-------+-------++-------
Melee: Hand axe          |    61 |    64 |    23 ||   148
       Tailslap          |     3 |    10 |    10 ||    23
       Whip              |       |     3 |    50 ||    53
Throw: Dart              |    11 |     4 |     1 ||    16
Invok: Berserk           |     2 |     5 |     1 ||     8
       Trog's Hand       |       |       |     1 ||     1
  Use: Scroll            |       |     1 |     3 ||     4
       Potion            |       |       |     2 ||     2
Armor: Skin              |    11 |    16 |    24 ||    51
Dodge: Dodged            |    41 |    45 |    41 ||   127
